 Dungeon Crawl Stone Soup version 0.32-a0-931-g5a2cda0630 (webtiles) character file.

Game seed: 13508951718441149684

20269 LadyBoffin the Thaumaturge (level 12, -8/70 HPs)
             Began as a Deep Elf Conjurer on Apr 13, 2024.
             Was an Elder of Vehumet.
             Mangled by a culicivora (22 damage)
             ... on level 2 of the Lair of Beasts on Apr 14, 2024.
             The game lasted 01:48:40 (14646 turns).

LadyBoffin the Thaumaturge (Deep Elf Conjurer)     Turns: 14646, Time: 01:48:40

Health: -8/70      AC: 11    Str:  4    XL:     12   Next: 43%
Magic:  2/32       EV: 16    Int: 32    God:    Vehumet [****..]
Gold:   733        SH:  0    Dex: 13    Spells: 21/39 levels left

rFire   . . .        e - +5 dagger (venom)
rCold   . . .        (no shield)
rNeg    + . .        z - +2 robe {rN+}
rPois   +            q - +0 helmet {Int+3}
rElec   .            I - +0 cloak
rCorr   .            p - +0 pair of gloves
SInv    .            (no boots)
Will    +....        t - amulet of regeneration
Stlth   +++          d - ring of poison resistance
HPRegen 1.11/turn    F - +4 ring of protection
MPRegen 0.23/turn

%: no passive effects
@: no status effects
A: no striking features
a: Renounce Religion


You were on level 2 of the Lair of Beasts.
You worshipped Vehumet.
Vehumet was greatly pleased with you.
You visited 3 branches of the dungeon, and saw 15 of its levels.

You collected 818 gold pieces.
You spent 85 gold pieces at shops.

Inventory:

Hand Weapons
 e - a +5 dagger of venom (weapon)
 i - the +3 trident "Fiseocas" {drain, Str+4}
   (You found it on level 2 of the Dungeon)

   Str+4:     It affects your strength (+4).
Missiles
 o - 3 throwing nets
Armour
 a - a +2 robe
 p - a +0 pair of gloves (worn)
 q - a +0 helmet of intelligence (worn)
 y - a +1 helmet
 z - a +2 robe of positive energy (worn)
 I - a +0 cloak (worn)
Jewellery
 d - a ring of poison resistance (left hand)
 j - a ring of see invisible
 t - an amulet of regeneration (around neck)
 u - a ring of flight
 F - a +4 ring of protection (right hand)
Talismans
 G - a serpent talisman
Wands
 B - a wand of flame (13)
Scrolls
 b - a scroll of vulnerability
 c - 3 scrolls of poison
 f - a scroll of fog
 g - a scroll of revelation
 k - 5 scrolls of noise
 r - a scroll of silence
 x - a scroll of enchant weapon
Potions
 h - a potion of enlightenment
 l - 2 potions of brilliance
 m - 2 potions of cancellation
 n - a potion of might {unknown}
 s - a potion of experience {unknown}
 v - 2 potions of degeneration {unknown}
 w - 6 potions of ambrosia
 A - a potion of attraction {unknown}
 C - 2 potions of curing
 E - 4 potions of mutation
 J - a potion of lignification {unknown}
 K - a potion of resistance {unknown}
 L - 2 potions of haste {unknown}


   Skills:
 * Level 6.2 Fighting
 - Level 0.3 Short Blades
 + Level 11.2 Dodging
 + Level 5.6 Stealth
 + Level 14.2 Spellcasting
 - Level 11.0 Conjurations
 - Level 3.9 Summonings
 - Level 3.1 Necromancy
 - Level 6.0 Translocations
 - Level 0.5 Ice Magic
 * Level 4.9 Air Magic
 + Level 2.3 Evocations


You had 21 spell levels left.
You knew the following spells:

 Your Spells              Type           Power      Damage    Failure   Level
a - Magic Dart            Conj           100%       1d8       0%          1
b - Searing Ray           Conj           100%       2d8       1%          2
c - Iskenderun's Mystic   Conj/Tloc      67%        2d14      (+2d71%     4
d - Animate Dead          Necr           43%        N/A       5%          4
e - Hailstorm             Conj/Ice       56%        3d11      1%          3
f - Summon Lightning Spi  Summ/Air       50%        N/A       3%          4

Your spell library contained the following spells:

 Spells                   Type           Power      Damage    Failure   Level
 Mephitic Cloud           Conj/Alch/Air  54%        N/A       1%          3
 Static Discharge         Conj/Air       100%       3-8/arc   1%          2
 Airstrike                Air            26%        2d(4-20)  1%          4
 Fulminant Prism          Conj/Alch      27%        3d13      1%          4
 Vhi's Electric Charge    Tloc/Air       100%       N/A       1%          4
 Arcjolt                  Conj/Air       32%        1d42      1%          5
 Borgnjor's Vile Clutch   Necr/Erth      16%        N/A       28%         5
 Plasma Beam              Fire/Air       19%        2x1d30    28%         6
 Death Channel            Necr           21%        N/A       63%         6


Dungeon Overview and Level Annotations

Branches:
Dungeon (12/15)            Temple (1/1) D:7            Lair (2/5) D:8
 Spider (0/4) Lair:2          Orc (0/2) D:9
  Swamp: Lair:2-3    Shoals: Lair:2-3

Altars:
Ashenzari
Cheibriados
Dithmenos
Elyvilon
Fedhas
Gozag
Hepliaklqana
Kikubaaqudgha
Makhleb
Nemelex Xobeh
Okawaru
Qazlal
Ru
Sif Muna
Trog
Uskayaw
Vehumet
Wu Jian
Xom
Yredelemnul
Zin
The Shining One

Shops:
D:5 (   D:9 *=   D:11 [

Annotations:
D:10 3 runed translucent doors, ShinQuickMan's ghost, journeyman HuCj; smashvw's ghost, novice MiFi
D:12 3 runed translucent doors, Biggs's ghost, journeyman VSGl
Lair:1 2 transporters, exclusion: basilisk


Message History

The culicivora is severely wounded.
The culicivora bites you!!
The culicivora draws strength from your injuries!
The culicivora misses you.
Casting: Magic Dart (safe; 0% risk of failure)
Confirm with . or Enter, or press ? or * to list all spells.
Aiming: Magic Dart (safe; 0% risk of failure)
Press: ? - help, Shift-Dir - straight line, f/p - culicivora
Aim: a culicivora (heavily wounded, 100% to hit)
The magic dart hits the culicivora!
The culicivora is severely wounded.
The culicivora bites you!
The culicivora draws strength from your injuries!
Casting: Magic Dart (safe; 0% risk of failure)
Confirm with . or Enter, or press ? or * to list all spells.
You don't have enough magic to cast this spell.
Unknown command.
Casting: Magic Dart (safe; 0% risk of failure)
Confirm with . or Enter, or press ? or * to list all spells.
You don't have enough magic to cast this spell.
Unknown command.
Casting: Magic Dart (safe; 0% risk of failure)
Confirm with . or Enter, or press ? or * to list all spells.
You don't have enough magic to cast this spell.
Unknown command.
Casting: Magic Dart (safe; 0% risk of failure)
Confirm with . or Enter, or press ? or * to list all spells.
You don't have enough magic to cast this spell.
Casting: Magic Dart (safe; 0% risk of failure)
Confirm with . or Enter, or press ? or * to list all spells.
Aiming: Magic Dart (safe; 0% risk of failure)
Press: ? - help, Shift-Dir - straight line, f/p - culicivora
Aim: a culicivora (severely wounded, 100% to hit)
The magic dart hits the culicivora but does no damage.
The culicivora is severely wounded.
The culicivora bites you!
* * * LOW HITPOINT WARNING * * *
The culicivora draws strength from your injuries!
The culicivora bites you!!
You die...

#...†..### #.^........#.....
.#....##..#### ##.....P...#..#..
.......##....####.#.##...........
#..........P........#............
#..#......####................#..
...#.....###.....#........####...
...##.######.....##......#.#.....
...#...####..#...^###.#.........†
...#..#.....P...@.†.# .#..##...
...##.........###s.^..# ### #...
................##^^...# ###.
......P..........##..^^^ ##
#.........##.#....#...$. #
###....#...#.....####..>
###....###..#P......##.. #
.###.####.#....#...########...#
...### # #.......#..........>.


You could see a culicivora.

Vanquished Creatures
  A boulder beetle (Lair:1)
  Maurice (D:11)
  A cyclops (D:12)
  A torpor snail (Lair:1)
  3 black mambas
  2 unseen horrors (D:11)
  2 komodo dragons
  5 cane toads
  A gargoyle (D:12)
  4 trolls
  A hornet (D:8)
  10 blink frogs
  A culicivora (Lair:2)
  A shadow (D:10)
  4 wyverns
  2 wraiths (D:11)
  34 yaks
  A basilisk (Lair:1)
  Menkaure (D:4)
  2 acid dragons
  2 water moccasins
  4 orc warriors (D:9)
  A black bear (Lair:1)
  A sky beast (D:6)
  5 wolves
  7 centaurs
  3 ogres
  4 kobold brigands
  8 bullfrogs
  3 wights (D:8)
  14 killer bees
  A howler monkey (D:10)
  2 vampire bats (D:9)
  A wolf zombie (Lair:2)
  4 bombardier beetles
  3 jellies
  5 hounds
  4 orc priests
  A gnoll bouda (D:9)
  An iguana (D:6)
  A sleepcap (D:7)
  8 orc wizards
  15 gnolls
  8 adders
  A shadow imp (D:7)
  A white imp (D:6)
  6 ufetubi
  2 ribbon worms (D:5)
  2 dart slugs (D:1)
  33 orcs
  A bat skeleton (D:9)
  3 bat zombies (D:9)
  7 endoplasms
  3 giant cockroaches
  9 goblins
  9 hobgoblins
  5 jackals
  16 kobolds
  4 quokkas
  6 ball pythons
  9 bats
  A frilled lizard (D:1)
  6 rats
308 creatures vanquished.

Vanquished Creatures (collateral kills)
  A yak (Lair:1)
  5 wolves
  2 bullfrogs (Lair:2)
8 creatures vanquished.

Vanquished Creatures (others)
  A black mamba zombie (Lair:1)
  A yak zombie (Lair:2)
  5 wolf zombies
  An orc wizard (D:7)
8 creatures vanquished.

Grand Total: 324 creatures vanquished

Notes
Turn   | Place    | Note
-------+----------+-------------------------------------------
     0 | D:1      | LadyBoffin the Deep Elf Conjurer began the quest for the
                  | Orb.
     0 | D:1      | Reached XP level 1. HP: 10/10 MP: 6/6
   423 | D:1      | Reached XP level 2. HP: 15/15 MP: 4/8
   520 | D:1      | Reached skill level 5 in Conjurations
   663 | D:1      | Reached XP level 3. HP: 19/19 MP: 7/9
   968 | D:1      | Learned a level 2 spell: Searing Ray
  1128 | D:2      | Identified the +3 trident "Fiseocas" {drain, Str+4}
  1212 | D:2      | Found a faded altar of an unknown god.
  1219 | D:2      | Reached XP level 4. HP: 24/24 MP: 9/11
  1624 | D:2      | Reached skill level 4 in Spellcasting
  1858 | D:3      | Found a hide-covered altar of Uskayaw.
  2041 | D:3      | Reached XP level 5. HP: 28/28 MP: 9/13
  2354 | D:3      | Reached skill level 5 in Spellcasting
  3400 | D:4      | Noticed Menkaure
  3408 | D:4      | Killed Menkaure
  3409 | D:4      | Reached XP level 6. HP: 6/32 MP: 8/16
  3411 | D:4      | Reached skill level 6 in Spellcasting
  3989 | D:5      | Entered Level 5 of the Dungeon
  4125 | D:5      | Reached skill level 1 in Translocations
  4132 | D:5      | Reached skill level 1 in Fighting
  4132 | D:5      | Reached XP level 7. HP: 38/38 MP: 13/19
  4136 | D:5      | Reached skill level 7 in Spellcasting
  4305 | D:5      | Found Ykigium's Weapon Boutique.
  4545 | D:5      | Found a hazy altar of Hepliaklqana.
  4643 | D:5      | Found a blossoming altar of Fedhas.
  4741 | D:6      | Learned a level 4 spell: Iskenderun's Mystic Blast
  4960 | D:6      | Reached skill level 8 in Spellcasting
  5270 | D:6      | Reached XP level 8. HP: 44/44 MP: 16/22
  5607 | D:7      | Found a staircase to the Ecumenical Temple.
  5823 | D:7      | Found an ornate altar of the Wu Jian Council.
  5838 | Temple   | Entered the Ecumenical Temple
  5853 | Temple   | Became a worshipper of Vehumet
  6351 | D:7      | Reached skill level 9 in Spellcasting
  6516 | D:7      | Found a broken altar of Ashenzari.
  6532 | D:7      | Found a basalt altar of Yredelemnul.
  7027 | D:8      | Found a staircase to the Lair.
  7241 | D:8      | Noticed a hornet
  7484 | D:8      | Reached skill level 10 in Spellcasting
  7611 | D:8      | Reached XP level 9. HP: 48/48 MP: 20/25
  8172 | Lair:1   | Entered Level 1 of the Lair of Beasts
  8187 | Lair:1   | Reached skill level 5 in Dodging
  8187 | Lair:1   | Reached skill level 11 in Spellcasting
  8194 | Lair:1   | Noticed a komodo dragon
  8845 | D:9      | Reached * piety under Vehumet
  8845 | D:9      | Offered knowledge of Sandblast by Vehumet.
  8851 | D:9      | Found an ancient bone altar of Kikubaaqudgha.
  8856 | D:9      | Reached skill level 10 in Conjurations
  8856 | D:9      | Reached XP level 10. HP: 50/56 MP: 4/27
  9013 | D:9      | Found Zeomu Raaf's Jewellery Emporium.
  9116 | D:9      | Reached skill level 5 in Translocations
  9147 | D:9      | Reached skill level 12 in Spellcasting
  9318 | D:9      | Found a staircase to the Orcish Mines.
  9478 | D:9      | Found a sparkling altar of Nemelex Xobeh.
  9478 | D:9      | Found an opulent altar of Gozag.
  9480 | D:9      | Offered knowledge of Momentum Strike by Vehumet.
  9483 | D:9      | Reached ** piety under Vehumet
  9778 | D:9      | Found Ubraf's Assorted Antiques.
  9786 | D:9      | Bought an embroidered robe for 85 gold pieces
  9808 | D:10     | Entered Level 10 of the Dungeon
  9813 | D:10     | Found a runed translucent gate.
  9814 | D:10     | Found a runed translucent gate.
  9814 | D:10     | Found a runed translucent gate.
 10427 | D:10     | Found a glowing silver altar of Zin.
 10427 | D:10     | Found a glowing golden altar of the Shining One.
 10427 | D:10     | Found a white marble altar of Elyvilon.
 10550 | D:10     | Noticed smashvw's ghost (novice MiFi)
 10551 | D:10     | Noticed ShinQuickMan's ghost (journeyman HuCj)
 10574 | D:10     | Learned a level 4 spell: Animate Dead
 10585 | D:11     | Noticed a boulder beetle
 10606 | D:11     | Reached skill level 13 in Spellcasting
 10606 | D:11     | Reached skill level 1 in Necromancy
 10606 | D:11     | Reached XP level 11. HP: 61/61 MP: 9/30
 10793 | D:11     | Found Ide Murph's Antique Armour Boutique.
 10898 | D:11     | Reached skill level 5 in Stealth
 11346 | D:11     | Offered knowledge of Hailstorm by Vehumet.
 11357 | D:11     | Learned a level 3 spell: Hailstorm
 11470 | D:11     | Noticed Maurice
 11484 | D:11     | Killed Maurice
 11734 | D:12     | Found a runed translucent gate.
 11734 | D:12     | Found a runed translucent gate.
 12165 | D:12     | Found a runed translucent gate.
 12169 | D:12     | Noticed Biggs's ghost (journeyman VSGl)
 12172 | D:12     | Noticed a frost giant
 12611 | Lair:1   | Noticed a boulder beetle
 12728 | Lair:1   | Learned a level 4 spell: Summon Lightning Spire
 12757 | Lair:1   | Found a transporter.
 12759 | Lair:1   | Found a transporter.
 12761 | Lair:1   | Noticed a boulder beetle
 12761 | Lair:1   | Noticed a boulder beetle
 12837 | Lair:1   | Reached skill level 1 in Summonings
 12951 | Lair:1   | Reached skill level 1 in Air Magic
 13327 | Lair:1   | Reached skill level 5 in Fighting
 13328 | Lair:1   | Reached *** piety under Vehumet
 13341 | Lair:1   | Killed a boulder beetle
 13342 | Lair:1   | Reached skill level 10 in Dodging
 13804 | Lair:1   | Reached skill level 1 in Evocations
 14001 | Lair:2   | Reached XP level 12. HP: 53/68 MP: 10/31
 14264 | Lair:2   | Offered knowledge of Olgreb's Toxic Radiance by Vehumet.
 14513 | Lair:2   | Reached skill level 14 in Spellcasting
 14526 | Lair:2   | Reached **** piety under Vehumet
 14535 | Lair:2   | Offered knowledge of Mephitic Cloud by Vehumet.
 14629 | Lair:2   | Found a hole to the Spider Nest.
 14646 | Lair:2   | Mangled by a culicivora

Illustrated notes

Levels and vault maps discovered:
D:1:      dpeg_chamrin_arrival_tetris, layout_basic, minmay_pentomino_w2
D:2:      layout_rooms, dreamdust_ecumenical_altar_grove, minmay_goblin_outpost
D:3:      layout_loops_ring, mainiacjoe_overflow_tiny_flanked
D:4:      layout_gridville, kennysheep_generic_room_7, uniq_menkaure
D:5:      layout_rooms, kennysheep_mini_moat, fedhas_bush_and_centaur_altar,
          serial_shops, shop
D:6:      layout_rooms
D:7:      layout_loops_corners, mainiacjoe_overflow_alcove_1,
          mainiacjoe_overflow_swirl, temple_doors_cd, lemuel_flame_loot_1
D:8:      layout_gridville, dpeg_oklobed_lair
D:9:      hellmonk_ruined_rings, layout_irregular_city,
          kennysheep_vampire_church, grunt_temple_overflow_opulence,
          kennysheep_orc_monster_closet_entryway, serial_shops,
          nicolae_shop_gibbet_a_chance, shop, nicolae_shop_crystal,
          minmay_misc_feat_encased, minivault_16
D:10:     layout_rooms, dreamdust_divine_triumvirate, gammafunk_ghost_cemetery,
          nrook_loot_triangle
D:11:     layout_roguey, serial_shops, shop_fountains, uniq_maurice
D:12:     layout_small_grid, gammafunk_ghost_split
Temple:   compressed_dpeg_circular_temple
Lair:1:   gammafunk_boulding_lane, layout_regular_city,
          chequers_serial_rivers_small_3
Lair:2:   layout_misc_corridors, spider_nest_entry_funnel_web,
          serial_bayou_shore_a, lemuel_fruit_tree, infiniplex_staircase_pool_2

Skill      XL: |  1  2  3  4  5  6  7  8  9 10 11 12 |
---------------+-------------------------------------+-----
Conjurations   | 5 6 7 8 10 11 | 11.0
Spellcasting   | 4 5 6 8 10 11 13 14 | 14.2
Stealth        | 3 4 5 |  5.6
Translocations | 1 2 4 6 |  6.0
Fighting       | 1 2 3 4 5 6 |  6.2
Dodging        | 3 4 6 7 10 11 | 11.2
Necromancy     | 1 3 |  3.1
Summonings     | 3 |  3.9
Air Magic      | 3 4 |  4.9
Evocations     | 1 2 |  2.3
Short Blades   | |  0.3
Ice Magic      | |  0.5

Action                     |  1- 3 |  4- 6 |  7- 9 | 10-12 || total
---------------------------+-------+-------+-------+-------++-------
  Melee: Dagger            |       |     1 |     2 |    33 ||    36
   Cast: Magic Dart        |    58 |   144 |   178 |   164 ||   544
         Searing Ray       |       |     6 |    28 |    49 ||    83
         Iskenderun's Myst |       |       |    37 |   112 ||   149
         Hailstorm         |       |       |       |    35 ||    35
         Animate Dead      |       |       |       |     5 ||     5
  Evoke: Wand              |       |       |       |    12 ||    12
    Use: Scroll            |     1 |     5 |    14 |     5 ||    25
         Potion            |       |     1 |     1 |     6 ||     8
 Armour: Robe              |     3 |    13 |    78 |   135 ||   229
  Dodge: Dodged            |       |    16 |    50 |   133 ||   199

Table legend: (Time is in decaauts)
 A = Elapsed time spent in this place.
 B = Non-inter-level travel time spent in this place.
 C = Inter-level travel time spent in this place.
 D = Time resting spent in this place.
 E = Time spent auto-exploring this place.
 F = Levels seen in this place.
 G = Mean time per level.
                   A        B        C        D        E       F      G
               +--------+--------+--------+--------+--------+-----+--------+
         Total |  14682 |  13428 |   1254 |   3810 |   5957 |  15 |  978.8 |
       Dungeon |  12414 |  11339 |   1075 |   3149 |   5672 |  12 | 1034.5 |
        Temple |     30 |     16 |     14 |      0 |      0 |   1 |   30.0 |
          Lair |   2237 |   2072 |    165 |    661 |    285 |   2 | 1118.5 |
               +--------+--------+--------+--------+--------+-----+--------+

Top non-repeatable levels by time:
  Lair:1: 1568 daAuts
    D:11: 1473 daAuts
     D:9: 1421 daAuts
     D:7: 1419 daAuts
     D:8: 1405 daAuts
     D:3: 1127 daAuts
     D:4: 1059 daAuts
     D:1: 968 daAuts
     D:6: 931 daAuts
    D:10: 928 daAuts
     D:2: 900 daAuts
  Lair:2: 669 daAuts
     D:5: 589 daAuts
    D:12: 189 daAuts
  Temple: 30 daAuts
